 Dungeon Crawl Stone Soup version 0.31.0-11-ge490571c62 (webtiles) character file.

Game seed: 10649254153335115602

350 qw the Ducker (level 6, -10/32 HPs)
             Began as a Spriggan Hunter on Feb 4, 2024.
             Shot with an arrow by a centaur (15 damage)
             ... on level 4 of the Dungeon.
             The game lasted 00:00:09 (2343 turns).

qw the Ducker (Spriggan Hunter)                     Turns: 2343, Time: 00:00:10

Health: -10/32     AC:  2    Str:  7    XL:     6   Next: 33%
Magic:  7/7        EV: 22    Int: 11    God:
Gold:   111        SH:  0    Dex: 20    Spells: 5/5 levels left

rFire   . . .        a - +0 shortbow
rCold   . . .        (shield currently unavailable)
rNeg    . . .        c - +0 robe
rPois   .            (helmet restricted)
rElec   .            (no cloak)
rCorr   .            (gloves unavailable)
SInv    +            (boots unavailable)
Will    +....        (no amulet)
Stlth   ++           (no ring)
HPRegen 0.25/turn    (no ring)
MPRegen 0.10/turn

%: no passive effects
@: about to teleport, very quick
A: very small, no large weapons, unfitting armour, see invisible, speed 3
a: no special abilities


You were on level 4 of the Dungeon.
You visited 1 branch of the dungeon, and saw 4 of its levels.

You collected 111 gold pieces.


Innate Abilities, Weirdness & Mutations

You are very small and have problems with some larger weapons.
You are too small for most types of armour.
You have supernaturally acute eyesight. (SInv)
You cover ground extremely quickly. (Speed+++)


   Skills:
 - Level 2.4 Fighting
 + Level 5.0 Ranged Weapons
 - Level 7.3 Dodging
 - Level 1.5 Stealth


You had 5 spell levels left.
You didn't know any spells.
Your spell library was empty.

Inventory:

Hand Weapons
 a - a +0 shortbow (weapon)
Armour
 c - a +0 robe (worn)
Jewellery
 b - the ring of Jifepar {rF++ rN+ MP-9}
   (You found it on level 4 of the Dungeon)

   [ring of positive energy]

   rF++:      It greatly protects you from fire.
   rN+:       It protects you from negative energy.
   MP-9:      It affects your magic capacity (-9).
Potions
 d - a potion of haste {unknown}
 e - a potion of resistance {unknown}
 f - a potion of magic {unknown}
 g - a potion of curing {unknown}
 h - a potion of heal wounds
 j - 2 potions of might {unknown}

Dungeon Overview and Level Annotations

Branches:
Dungeon (4/15)
 Temple: D:4-7

Altars:
Cheibriados
Gozag
Xom

Shops:
D:4 [


Message History

You start resting.
A centaur is nearby!
You shoot an arrow.
The arrow hits the centaur but does no damage.
The centaur is lightly wounded.
The centaur shoots an arrow.
The arrow closely misses you.
The centaur shoots an arrow.
The arrow completely misses you.
You shoot an arrow. The arrow hits the centaur.
The centaur is lightly wounded.
The centaur shoots an arrow.
The arrow misses you.
You shoot an arrow. The arrow closely misses the centaur.
The centaur shoots an arrow.
The arrow misses you.
The centaur shoots an arrow.
The arrow closely misses you.
You shoot an arrow. The arrow hits the centaur.
The centaur is moderately wounded.
The centaur shoots an arrow.
The arrow closely misses you.
The centaur shoots an arrow.
The arrow completely misses you.
You shoot an arrow.
The arrow hits the centaur but does no damage.
The centaur is moderately wounded.
The centaur shoots an arrow.
The arrow completely misses you.
You shoot an arrow. The arrow closely misses the centaur.
The centaur shoots an arrow.
The arrow misses you.
The centaur shoots an arrow.
The arrow completely misses you.
You shoot an arrow. The arrow closely misses the centaur.
The centaur shoots an arrow.
The arrow misses you.
The centaur shoots an arrow.
The arrow hits you!
You shoot an arrow. The arrow closely misses the centaur.
The centaur shoots an arrow.
The arrow completely misses you.
You shoot an arrow. The arrow barely misses the centaur.
The centaur shoots an arrow.
The arrow completely misses you.
You shoot an arrow. The arrow hits the centaur.
The centaur is moderately wounded.
The centaur shoots an arrow.
The arrow hits you!
2343 ||| READING scroll of teleportation.
As you read the scroll of teleportation, it crumbles to dust.
You feel strangely unstable.
The centaur shoots an arrow.
The arrow closely misses you.
The centaur shoots an arrow.
The arrow hits you!
You die...

.........# %).).....#
.........# ### ##.......#
####.# #.......# #....#
#.......# #.##.#
#.......####.##.#
#....(.......##.###########
#............##@...........
+.............'...>........
#............##..c........
########%....#####.##...##
#.....# ###.##...# #.....#
#........# #.....#
#........# .......#
#........# .......#
#........#


You could see a centaur.

Vanquished Creatures
  Grinder (D:3)
  A phantom (D:4)
  3 adders
  A ribbon worm (D:3)
  3 orcs (D:4)
  10 endoplasms
  3 giant cockroaches
  4 goblins
  A hobgoblin (D:1)
  7 jackals (D:3)
  4 quokkas
  3 ball pythons
  5 bats
  A frilled lizard (D:1)
  4 kobolds
  3 rats
54 creatures vanquished.

Notes
Turn   | Place    | Note
-------+----------+-------------------------------------------
     0 | D:1      | qw the Spriggan Hunter began the quest for the Orb.
     0 | D:1      | Reached XP level 1. HP: 10/10 MP: 2/2
     0 | D:1      | 0 ||| qw: Version: 0.3-a-160-g6735b56
     0 | D:1      | 0 ||| qw: Game counter: 5580
     0 | D:1      | 0 ||| qw: Melee chars always use a shield: true
     0 | D:1      | 0 ||| qw: God list: Okawaru
     0 | D:1      | 0 ||| qw: Allow faded altars: false
     0 | D:1      | 0 ||| qw: Do Orc after clearing Dungeon:15 true
     0 | D:1      | 0 ||| qw: Do second Lair branch before Depths: true
     0 | D:1      | 0 ||| qw: Lair rune preference: random
     0 | D:1      | 0 ||| qw: Goals: Normal
     0 | D:1      | 0 ||| PLANNING D:1-11
    33 | D:1      | Reached skill level 3 in Dodging
    98 | D:1      | Reached XP level 2. HP: 14/14 MP: 3/3
   362 | D:1      | Reached skill level 4 in Dodging
   487 | D:1      | 487 ||| DROPPING scroll of butterflies.
   524 | D:2      | Found a shimmering altar of Xom.
   627 | D:2      | Reached XP level 3. HP: 16/18 MP: 4/4
   692 | D:2      | 692 ||| FLEEEEING.
   693 | D:2      | 693 ||| FLEEEEING.
  1091 | D:2      | 1091 ||| READING scroll labelled BISUDGH RAPH.
  1095 | D:2      | 1095 ||| READING scroll labelled VONNICAGIPN.
  1097 | D:2      | 1097 ||| Stepping ~*~*~tactically~*~*~ (cloud).
  1104 | D:2      | HP: 4/18 [poisoned by you (poison gas)]
  1251 | D:3      | Found a snail-covered altar of Cheibriados.
  1716 | D:3      | Reached XP level 4. HP: 22/22 MP: 5/5
  1737 | D:3      | Noticed Grinder
  1752 | D:3      | Killed Grinder
  1753 | D:3      | Reached skill level 7 in Dodging
  1753 | D:3      | Reached XP level 5. HP: 16/25 MP: 6/6
  1803 | D:3      | Reached XP level 6. HP: 30/30 MP: 7/7
  1989 | D:3      | 1989 ||| DRINKING 2 metallic purple potions.
  2030 | D:3      | 2030 ||| DRINKING 2 fizzy pink potions.
  2031 | D:3      | 2031 ||| DROPPING potion of lignification.
  2075 | D:4      | Found an opulent altar of Gozag.
  2079 | D:4      | Identified the ring of Jifepar {rF++ rN+ MP-9}
  2272 | D:4      | Found Fostramaf's Armour Emporium.
  2305 | D:4      | 2305 ||| FLEEEEING.
  2306 | D:4      | 2306 ||| FLEEEEING.
  2307 | D:4      | 2307 ||| FLEEEEING.
  2308 | D:4      | 2308 ||| FLEEEEING.
  2311 | D:4      | 2311 ||| FLEEEEING.
  2312 | D:4      | 2312 ||| FLEEEEING.
  2313 | D:4      | 2313 ||| FLEEEEING.
  2314 | D:4      | 2314 ||| FLEEEEING.
  2315 | D:4      | 2315 ||| FLEEEEING.
  2316 | D:4      | 2316 ||| FLEEEEING.
  2317 | D:4      | 2317 ||| FLEEEEING.
  2318 | D:4      | 2318 ||| FLEEEEING.
  2319 | D:4      | 2319 ||| FLEEEEING.
  2320 | D:4      | 2320 ||| FLEEEEING.
  2321 | D:4      | 2321 ||| FLEEEEING.
  2323 | D:4      | 2323 ||| FLEEEEING.
  2324 | D:4      | 2324 ||| FLEEEEING.
  2325 | D:4      | 2325 ||| FLEEEEING.
  2326 | D:4      | 2326 ||| FLEEEEING.
  2327 | D:4      | 2327 ||| FLEEEEING.
  2328 | D:4      | 2328 ||| FLEEEEING.
  2329 | D:4      | 2329 ||| FLEEEEING.
  2331 | D:4      | 2331 ||| FLEEEEING.
  2342 | D:4      | HP: 5/32 [centaur/arrow (10)]
  2343 | D:4      | 2343 ||| READING scroll of teleportation.
  2343 | D:4      | Shot with an arrow by a centaur

Levels and vault maps discovered:
D:1:      grunt_arrival_crossed_arrows, layout_rooms
D:2:      layout_loops_ring, basic_altar, chequers_serial_rivers_micro_d
D:3:      layout_loops_ring, slow_altar_1, nicolae_hexahallways, uniq_grinder
D:4:      layout_basic, mainiacjoe_overflow_small_starburst, serial_shops, shop,
          ebering_ghost_rock_garden

Skill      XL: |  1  2  3  4  5  6 |
---------------+-------------------+-----
Dodging        | 3 4 7 |  7.3
Ranged Weapons | 5 |  5.0
Fighting       | 2 |  2.4
Stealth        | |  1.5

Action                     |  1- 3 |  4- 6 || total
---------------------------+-------+-------++-------
   Fire: Shortbow          |   144 |    56 ||   200
    Use: Scroll            |     2 |     1 ||     3
         Potion            |       |     2 ||     2
 Armour: Robe              |    22 |     6 ||    28
  Dodge: Dodged            |    74 |    41 ||   115

Table legend:
 A = Non-vault XP
 B = Vault XP
 C = Vault XP percentage of total XP
 D = Non-vault monster count
 E = Vault monster count
 F = Vault count percentage of total count
                 A         B        C        D         E       F
            +---------+---------+-------+---------+---------+-------
      Total |     224 |     276 |  55.2 |      52 |       2 |   3.7
            +---------+---------+-------+---------+---------+-------
        D:1 |      24 |       0 |   0.0 |      15 |       0 |   0.0
        D:2 |      43 |       0 |   0.0 |      12 |       0 |   0.0
        D:3 |      38 |     276 |  87.9 |      16 |       2 |  11.1
        D:4 |     119 |       0 |   0.0 |       9 |       0 |   0.0
            +---------+---------+-------+---------+---------+-------
